 Dungeon Crawl Stone Soup version 0.30-a0-390-g80c34de65d (webtiles) character file.

Game seed: 16621692115712092527

15 SmokeWeed the Firebug (level 2, -2/20 HPs)
             Began as a Hill Orc Fire Elementalist on Dec 4, 2022.
             Slain by a rat (3 damage)
             ... on level 1 of the Dungeon.
             The game lasted 00:02:12 (481 turns).

SmokeWeed the Firebug (Hill Orc Fire Elementalist)   Turns: 481, Time: 00:02:13

Health: -2/20      AC:  3    Str: 10    XL:     2   Next: 50%
Magic:  4/4        EV: 12    Int: 15    God:
Gold:   12         SH:  0    Dex: 11    Spells: 3/4 levels left

rFire   . . .      SeeInvis .    c - +0 dagger
rCold   . . .      Faith    .    (no shield)
rNeg    . . .      Spirit   .    a - +0 robe
rPois   +          Reflect  .    f - +0 helmet
rElec   .          Harm     .    (no cloak)
rCorr   .          Rampage  .    (no gloves)
Will    .....                    (no boots)
Stlth   ++........               (no amulet)
HPRegen 0.23/turn                (no ring)
MPRegen 0.09/turn                (no ring)

@: no status effects
A: poison resistance
a: no special abilities


You were on level 1 of the Dungeon.
You visited 1 branch of the dungeon, and saw 1 of its levels.

You collected 12 gold pieces.

Inventory:

Hand Weapons
 c - a +0 dagger (weapon)
Armour
 a - a +0 robe (worn)
 f - a +0 helmet (worn)
Potions
 b - a potion of magic
 e - a potion of haste {unknown}


   Skills:
 + Level 1.7 Dodging
 + Level 1.6 Stealth
 + Level 1.7 Spellcasting
 + Level 1.0 Conjurations
 + Level 3.9 Fire Magic


You had 3 spell levels left.
You knew the following spells:

 Your Spells              Type           Power      Damage    Failure   Level
a - Foxfire               Conj/Fire      32%        2x1d5     9%          1

Your spell library contained the following spells:

 Spells                   Type           Power      Damage    Failure   Level
 Scorch                   Fire           26%        2d6       7%          2
 Apportation              Tloc           2%         N/A       22%         1
 Necrotise                Necr           4%         1d4       22%         1
 Summon Small Mammal      Summ           4%         N/A       22%         1
 Inner Flame              Hex/Fire       7%         N/A       30%         3
 Kindle Blastsparks       Fire/Tloc/Air  10%        2d10      38%         3
 Flame Wave               Conj/Fire      8%         2d5       63%         4


Dungeon Overview and Level Annotations

Branches:
Dungeon (1/15)

Altars:

Shops:
D:1 (


Innate Abilities, Weirdness & Mutations

Your system is resistant to poisons. (rPois)


Message History

The rat barely misses you.
You closely miss the kobold.
The kobold is heavily wounded.
The frilled lizard closely misses you. The rat bites you.
The kobold hits you with a +0 whip.
You hit the kobold.
You kill the kobold!
The hobgoblin hits you. The frilled lizard bites you.
The rat closely misses you.
You are too injured to fight recklessly!
You are too injured to fight recklessly!
You are too injured to fight recklessly!
You are too injured to fight recklessly!
You are too injured to fight recklessly!
You are too injured to fight recklessly!
You are too injured to fight recklessly!
You are too injured to fight recklessly!
You are too injured to fight recklessly!
There are monsters nearby!
You are too injured to fight recklessly!
There are monsters nearby!
You are too injured to fight recklessly!
There are monsters nearby!
You are too injured to fight recklessly!
There are monsters nearby!
You are too injured to fight recklessly!
The air fills with toxic fumes!
As you read the scroll labelled AROMAO TYPTIA, it crumbles to dust.
It was a scroll of poison.
The hobgoblin misses you. The frilled lizard bites you.
The rat barely misses you. The endoplasm freezes you.
You are frozen.
* * * LOW HITPOINT WARNING * * *
Your magic is already full.
It was a potion of mutation.
You feel extremely strange.
You feel resistant to poisons. The frilled lizard barely misses you.
The hobgoblin hits you.
* * * LOW HITPOINT WARNING * * *
The endoplasm closely misses you. The rat bites you.
You die...

#..# #.#
##.###.##.§§§§§§§§§§§§§§
##...###§#8§§§§§8§§§§§♣
#..## #§§§§§§§§§§§§§§§
###.## #§#§§§§§§§§§§§§§
.>...# #§§8§§§§§§§§§§§§
###..# #§§§§§§§§§§§§§§
#..# #§§§§§grJ§§§§§§
#..# #§§§§8l@8§§§§§♣
#..# #§##§§###§§##§#
#..#####.##§.....§§§§
#........§§.......§§§#
##.#####§§.........§§§
#.########.##########
#..........#
############


You could see an endoplasm, a hobgoblin, a frilled lizard and a rat.

Vanquished Creatures
  2 endoplasms (D:1)
  A giant cockroach (D:1)
  2 goblins (D:1)
  2 hobgoblins (D:1)
  3 kobolds (D:1)
  2 bats (D:1)
  A frilled lizard (D:1)
  A rat (D:1)
14 creatures vanquished.

Vanquished Creatures (others)
  14 foxfires (D:1)
14 creatures vanquished.

Grand Total: 28 creatures vanquished

Notes
Turn   | Place    | Note
-------+----------+-------------------------------------------
     0 | D:1      | SmokeWeed the Hill Orc Fire Elementalist began the quest
                  | for the Orb.
     0 | D:1      | Reached XP level 1. HP: 14/14 MP: 3/3
   164 | D:1      | Reached XP level 2. HP: 7/20 MP: 2/4
   338 | D:1      | Found Uxeunkek's Weapon Boutique.
   471 | D:1      | Found a faded altar of an unknown god.
   481 | D:1      | Gained mutation: Your system is resistant to poisons.
                  | (rPois) [potion of mutation]
   481 | D:1      | HP: 1/20 [hobgoblin (1)]
   481 | D:1      | Slain by a rat

Illustrated notes

Levels and vault maps discovered:
D:1:      tarquinn_simple_flora_water_f, layout_loops_ring, serial_shops, shop,
          hellmonk_ecumenical_altar_arch_garden, minmay_tetromino_s2

Action                   || total
-------------------------++-------
Melee: Dagger            ||    27
       Unarmed           ||     1
       Punch             ||     1
 Cast: Foxfire           ||    11
  Use: Scroll            ||     1
       Potion            ||     1
 Stab: Sleeping          ||     1
Armor: Robe              ||     9
Dodge: Dodged            ||    46

Table legend: (Time is in decaauts)
 A = Elapsed time spent in this place.
 B = Non-inter-level travel time spent in this place.
 C = Inter-level travel time spent in this place.
 D = Time resting spent in this place.
 E = Time spent auto-exploring this place.
 F = Levels seen in this place.
 G = Mean time per level.
                   A        B        C        D        E       F      G
               +--------+--------+--------+--------+--------+-----+--------+
         Total |    480 |    480 |      0 |      0 |    367 |   1 |  480.0 |
       Dungeon |    480 |    480 |      0 |      0 |    367 |   1 |  480.0 |
               +--------+--------+--------+--------+--------+-----+--------+

Top non-repeatable levels by time:
     D:1: 480 daAuts
